 Dungeon Crawl Stone Soup version 0.29-a0-664-gff9cad4a3d (webtiles) character file.

Game seed: 11239713767934883166

735 buhh the Skirmisher (level 8, -7/65 HPs)
             Began as a Formicid Fighter on June 23, 2022.
             Was an Initiate of Okawaru.
             Killed from afar by Dowan (8 damage)
             ... with a puff of flame
             ... on level 5 of the Dungeon.
             The game lasted 00:10:12 (5370 turns).

buhh the Skirmisher (Formicid Fighter)              Turns: 5370, Time: 00:10:14

Health: -7/65      AC: 10    Str: 23    XL:     8   Next: 4%
Magic:  8/8        EV:  9    Int:  8    God:    Okawaru [......]
Gold:   235        SH:  6    Dex: 19    Spells: 7/7 levels left

rFire   . . .      SeeInvis +   a - +0 flail
rCold   . . .      Faith    .   c - +0 buckler
rNeg    . . .      Spirit   .   b - +0 scale mail
rPois   .          Reflect  .   (helmet unavailable)
rElec   .          Harm     .   (no cloak)
rCorr   .          Rampage  .   (no gloves)
Will    .....                   (no boots)
Stlth   ..........              (no amulet)
HPRegen 0.20/turn               d - +4 ring of protection
MPRegen 0.11/turn               t - +6 ring of dexterity

@: mighty, lethally poisoned (-7 -> -26), lit by a corona, glowing
A: permanent stasis, dig shafts and tunnels, antennae 3, four strong arms
a: Dig, Shaft Self, Renounce Religion


You were on level 5 of the Dungeon.
You worshipped Okawaru.
Okawaru was noncommittal.
You visited 2 branches of the dungeon, and saw 6 of its levels.

You collected 235 gold pieces.

Inventory:

Hand Weapons
 a - a +0 flail (weapon)
Missiles
 h - 6 silver boomerangs
Armour
 b - a +0 scale mail (worn)
 c - a +0 buckler (worn)
Magical Staves
 j - a staff of air
Jewellery
 d - a +4 ring of protection (left hand)
 t - a +6 ring of dexterity (right hand)
Wands
 f - a wand of flame (20)
Scrolls
 g - 3 scrolls of blinking {unknown}
 k - a scroll of teleportation {unknown}
 l - 4 scrolls of noise
 m - 3 scrolls of identify {unknown}
 o - 2 scrolls of amnesia {unknown}
 r - a scroll of vulnerability {unknown}
 s - a scroll of acquirement {unknown}
 u - a scroll of magic mapping {unknown}
Potions
 e - a potion of flight {unknown}
 i - a potion of cancellation {unknown}
 n - 3 potions of attraction {unknown}
 p - 2 potions of lignification {unknown}
 q - 2 potions of mutation {unknown}


   Skills:
 * Level 6.9 Fighting
 * Level 5.7 Maces & Flails
 - Level 3.2 Armour
 - Level 4.0 Shields
 - Level 2.5 Ice Magic


You had 7 spell levels left.
You didn't know any spells.
Your spell library contained the following spells:

 Spells                   Type           Power      Damage    Failure   Level
 Ensorcelled Hibernation  Hex/Ice        4%         N/A       77%         2
 Beastly Appendage        Tmut           0%         N/A       80%         1
 Sting                    Tmut/Pois      0%         1d3       80%         1
 Ozocubu's Armour         Ice            4%         N/A       80%         3
 Poisonous Vapours        Pois/Air       0%         N/A       90%         2
 Wereblood                Tmut           0%         N/A       90%         2
 Spider Form              Tmut/Pois      0%         N/A       99%         3
 Anguish                  Hex/Necr       0%         N/A       100%        4
 Olgreb's Toxic Radiance  Pois           0%         N/A       100%        4
 Metabolic Englaciation   Hex/Ice        1%         N/A       100%        5
 Simulacrum               Ice/Necr       Unusable   N/A       N/A         6

Dungeon Overview and Level Annotations

Branches:
Dungeon (5/15) Zot: 24803  Temple (1/1) D:4 Zot: 5747

Altars:
Ashenzari
Cheibriados
Dithmenos
Elyvilon
Fedhas
Hepliaklqana
Makhleb
Nemelex Xobeh
Okawaru
Qazlal
Ru
Sif Muna
Trog
Uskayaw
Wu Jian
Xom
Zin
The Shining One

Shops:
D:1 !

Annotations:
D:3 3 runed translucent doors, Phlounder's ghost, amateur DjEE
D:5 Dowan; Duvessa


Innate Abilities, Weirdness & Mutations

You cannot be hasted, slowed, berserked, paralysed or teleported.
You can dig through walls and to a lower floor.
You have a pair of large antennae on your head. (SInv)
Your four strong arms can wield two-handed weapons with a shield.


Message History

You block Dowan's attack.
You hit Duvessa.
Duvessa is almost dead.
You feel very sick.
Duvessa hits you with a +5 short sword of venom.
* * * LOW HITPOINT WARNING * * *
You block Duvessa's attack. Dowan completely misses you.
Really quaff
M - 2 potions of heal wounds {!q!d}?
You feel much better.
You feel very sick.
Duvessa hits you with a +5 short sword of venom.
You are more poisoned.
Dowan hits you but does no damage. Duvessa hits you but does no damage.
You are lethally poisoned!
You hit Duvessa.
Duvessa is almost dead.
* * * LOW HITPOINT WARNING * * *
You feel extremely sick. Duvessa completely misses you.
You block Dowan's attack.
Really quaff
M - a potion of heal wounds {!q!d}?
You feel much better.
You feel very sick.
Duvessa hits you with a +5 short sword of venom!
You are lethally poisoned!
Dowan hits you but does no damage. Duvessa barely misses you.
Are you sure you want to shaft yourself?
* * * LOW HITPOINT WARNING * * *
You feel extremely sick. Duvessa completely misses you.
Dowan gestures at you while chanting. The puff of frost hits you.
* * * LOW HITPOINT WARNING * * *
You begin to dig a shaft.
You continue digging a shaft.
* * * LOW HITPOINT WARNING * * *
You feel very sick.
Duvessa hits you with a +5 short sword of venom.
* * * LOW HITPOINT WARNING * * *
Dowan casts a spell at you. The puff of flame hits you!
You die...

#.#..# #[##.######..#
#.##.#.......#
#.##...####.## #.#..###
.# #######.....## .#
#........##..# .#
#........###e# .#
#........# #@# .#
#......†.###e### .#
#.......)##....##.######
#........##........e....
#........##....##.######
#......<.####### .#
########## e. ..# ###


You could see Duvessa (fast) and Dowan.

Vanquished Creatures
  A black bear (D:4)
  An ogre (D:4)
  A hound (D:5)
  2 orc priests (D:4)
  Jessica (D:2)
  Natasha (thrice) (D:2)
  3 iguanas
  12 gnolls
  11 adders
  A worm (D:4)
  4 dart slugs
  9 orcs
  4 ball pythons
  8 bats
  6 endoplasms
  A giant cockroach (D:2)
  8 goblins
  3 hobgoblins (D:4)
  5 kobolds
  5 quokkas
  2 frilled lizards (D:1)
  2 rats (D:1)
93 creatures vanquished.

Notes
Turn   | Place    | Note
-------+----------+-------------------------------------------
     0 | D:1      | buhh the Formicid Fighter began the quest for the Orb.
     0 | D:1      | Reached XP level 1. HP: 18/18 MP: 1/1
    76 | D:1      | Found Fuonoohi's Distillery.
   406 | D:1      | Reached XP level 2. HP: 19/24 MP: 2/2
   636 | D:1      | Reached XP level 3. HP: 28/30 MP: 3/3
   675 | D:1      | Reached skill level 4 in Fighting
  1349 | D:2      | Reached XP level 4. HP: 38/38 MP: 4/4
  1807 | D:2      | Reached XP level 5. HP: 26/43 MP: 5/5
  2030 | D:2      | Reached skill level 5 in Fighting
  2084 | D:2      | Noticed Jessica
  2092 | D:2      | Killed Jessica
  2117 | D:2      | Noticed Natasha
  2179 | D:2      | Reached XP level 6. HP: 34/51 MP: 6/6
  2406 | D:2      | Killed Natasha
  2599 | D:2      | Noticed Natasha
  2607 | D:2      | Killed Natasha
  2770 | D:2      | Noticed Natasha
  2773 | D:2      | Killed Natasha
  2870 | D:3      | Found a faded altar of an unknown god.
  2971 | D:3      | Found a runed translucent gate.
  2971 | D:3      | Found a runed translucent gate.
  2971 | D:3      | Found a runed translucent gate.
  2974 | D:3      | Noticed Phlounder's ghost (amateur DjEE)
  3837 | D:4      | Reached skill level 6 in Fighting
  3860 | D:4      | Reached XP level 7. HP: 40/58 MP: 7/7
  4792 | D:4      | Found a staircase to the Ecumenical Temple.
  4816 | Temple   | Entered the Ecumenical Temple
  5059 | Temple   | Became a worshipper of Warmaster Okawaru
  5289 | D:5      | Entered Level 5 of the Dungeon
  5337 | D:5      | Noticed Dowan
  5338 | D:5      | Noticed Duvessa
  5350 | D:5      | Reached XP level 8. HP: 57/65 MP: 8/8
  5370 | D:5      | HP: 3/65 [poisoned by Duvessa]
  5370 | D:5      | HP: 1/65 [Duvessa/+5 short sword of venom (2)]
  5370 | D:5      | Killed from afar by Dowan

Illustrated notes

Levels and vault maps discovered:
D:1:      minmay_arrival_nine_rooms, layout_loops_ring, serial_shops,
          nicolae_shop_waterfront
D:2:      layout_basic, corexii_corridor_pit, uniq_natasha, uniq_jessica
D:3:      layout_basic, ebering_ghost_rock_garden, basic_ecumenical_altar
D:4:      layout_rooms, minmay_temple_entry_drinking_statues, minivault_14,
          minmay_circle_x
D:5:      layout_rooms, amcnicky_altar_gilded, uniq_duvessa, uniq_prince_ribbit1
Temple:   mainiacjoe_temple_bowtie_tessellation

Skill      XL: |  1  2  3  4  5  6  7 |
---------------+----------------------+-----
Fighting       | 4 5 6 |  6.9
Maces & Flails | 3 4 5 |  5.7
Ice Magic      | 2 |  2.5
Armour         | |  3.2
Shields        | |  4.0

Action                   |  1- 3 |  4- 6 |  7- 9 || total
-------------------------+-------+-------+-------++-------
Melee: Flail             |    82 |   144 |   134 ||   360
 Abil: Shaft Self        |       |       |     1 ||     1
  Use: Potion            |       |     1 |     5 ||     6
       Scroll            |       |       |     1 ||     1
Armor: Scale mail        |    54 |   103 |    74 ||   231
Dodge: Dodged            |    37 |    67 |    69 ||   173
Block: Buckler           |    19 |    37 |    46 ||   102

Table legend: (Time is in decaauts)
 A = Elapsed time spent in this place.
 B = Non-inter-level travel time spent in this place.
 C = Inter-level travel time spent in this place.
 D = Time resting spent in this place.
 E = Time spent auto-exploring this place.
 F = Levels seen in this place.
 G = Mean time per level.
                   A        B        C        D        E       F      G
               +--------+--------+--------+--------+--------+-----+--------+
         Total |   5448 |   5107 |    341 |    910 |   3359 |   6 |  908.0 |
       Dungeon |   5195 |   4898 |    297 |    910 |   3169 |   5 | 1039.0 |
        Temple |    252 |    208 |     44 |      0 |    190 |   1 |  252.0 |
               +--------+--------+--------+--------+--------+-----+--------+

Top non-repeatable levels by time:
     D:1: 1588 daAuts
     D:3: 1459 daAuts
     D:2: 1039 daAuts
     D:4: 1024 daAuts
  Temple: 252 daAuts
     D:5: 84 daAuts
